Map: Acropolis LE

Players

Serral - Winner!

  • Race: Zerg Zerg
  • League: Master
  • Spawn Location: 11:00

Ptak

  • Race: Zerg Zerg
  • League: Master
  • Spawn Location: 5:00

Event: NationWars 2019

VOD

Have the link to the VOD?

Description

Time

  • Played on: Nov. 14, 2019, 1:43 p.m.
  • Length: 3:52
Show
View Real Time Build Order
Export as new Build Order

Serral Zerg - Winner!

Build Orders: Hatch First 

Get SALT Encoding   

  12  0:01  Drone  
  13  0:13  Overlord  
  13  0:16  Drone  
  14  0:31  Drone x2  
  16  0:47  Hatchery  
  15  0:51  Drone  
  15  0:54  Drone  
  17  0:57  Drone  
  18  1:08  Extractor  
  17  1:13  Spawning Pool  
  17  1:16  Drone  
  17  1:20  Drone  
  18  1:28  Drone  
  19  1:39  Drone  
  20  1:59  Queen  
  20  2:00  Zergling x4, Queen  
  26  2:04  Spine Crawler  
  26  2:06  Zergling x2  
  26  2:14  Metabolic Boost  
  26  2:18  Zergling x2  
  27  2:28  Overlord  
  26  2:34  Zergling x2  
  27  2:39  Zergling x2  
  27  2:46  Zergling x2  
  27  2:49  Zergling x4  
  30  2:52  Zergling x2  
  30  2:54  Zergling x2  
  31  3:06  Drone x2  
  31  3:11  Queen  
  35  3:15  Overlord  
  35  3:33  Drone  
  36  3:35  Drone x5  
  36  3:36  Drone  
Show
View Real Time Build Order
Export as new Build Order

Ptak Zerg 

Build Orders: Pool First 

Get SALT Encoding   

  12  0:17  Spawning Pool  
  11  0:21  Drone  
  11  0:26  Drone  
  13  0:30  Drone  
  14  0:40  Overlord  
  14  1:05  Zergling x2  
  14  1:06  Zergling x4  
  17  1:18  Hatchery  
  17  1:20  Zergling x2  
  17  1:21  Spine Crawler  
  17  1:27  Zergling x2  
  18  1:38  Zergling x2  
  19  1:45  Hatchery  
  18  1:49  Zergling x2  
  19  2:00  Drone  
  20  2:11  Drone  
  20  2:21  Drone  
  20  2:31  Overlord  
  20  2:36  Queen  
  22  2:50  Drone  
  23  2:53  Drone  
  23  2:58  Drone  
  21  3:02  Queen  
  23  3:06  Drone  
  23  3:08  Drone  
  25  3:13  Spine Crawler, Queen  
  25  3:16  Drone  
  25  3:19  Zergling x2  
  28  3:25  Zergling x2  
  29  3:32  Zergling x2  
Tags
 
Add a new tag
Caveats
  • Supply blocks, unpowered buildings, or Contaminate may cause inaccurate times.
  • Supply counts are checked every 10 seconds.